[Event "Titled Tuesday Blitz January 10 Late 2023"]
[White "Zheng, Richard"]
[Black "Bozorov, Makhsum"]
[WhiteFideId "2624893"]
[BlackFideId "14201330"]
[WhiteElo "2121"]
[BlackElo "2145"]
[Result "1-0"]
[Round "04"]
[TimeControl "180+2"]
[Date "2023.01.10"]
[WhiteClock "0:00:18"]
[BlackClock "0:00:13"]

1. d4 Nf6 2. Bg5 Ne4 3. Bf4 d5 4. Nd2 Nf6 5. Ngf3 c5 6. e3 Nc6 7. c3 Qb6 8. c4 cxd4 9. cxd5 Nxd5 10. Bc4 Nxf4 11. exf4 e6 12. O-O Be7 13. Nb3 O-O 14. Qe2 Bf6 15. Rfc1 Rd8 16. Qe4 g6 17. Ne5 Nxe5 18. fxe5 Bg7 19. Rd1 Bd7 20. Nxd4 Qc5 21. Nb3 Qxe5 22. Qxb7 a5 23. Rxd7 Rdb8 24. Qf3 Qxb2 25. Qxf7+ Kh8 26. Rf1 a4 27. Nd4 Rg8 28. Nxe6 Qf6 29. Nxg7 Qxf7 30. Rxf7 Rxg7 31. Rxg7 Kxg7 32. Rb1 Rc8 33. Rb4 Rd8 34. g3 Rd1+ 35. Kg2 a3 36. Ra4 Rc1 37. Bb3 1-0


[Site "https://www.chess.com"]

[Event "Titled Tuesday Blitz January 10 Late 2023"]
[White "Ismagilov, Damir"]
[Black "Haszon, David"]
[WhiteFideId "34199982"]
[BlackFideId "733610"]
[WhiteElo "2156"]
[BlackElo "2264"]
[Result "1-0"]
[Round "04"]
[TimeControl "180+2"]
[Date "2023.01.10"]
[WhiteClock "0:01:27"]
[BlackClock "0:01:05"]

1. e4 c5 2. Nf3 d6 3. d4 cxd4 4. Nxd4 Nf6 5. f3 a6 6. c4 g6 7. Nc3 Bg7 8. Be3 O-O 9. Qd2 Nc6 10. Be2 Qa5 11. O-O Nxd4 12. Bxd4 Nd7 13. Bxg7 Kxg7 14. Kh1 Kg8 15. Rfd1 Re8 16. a3 Ne5 17. b4 Qc7 18. Nd5 Qb8 19. c5 dxc5 20. Nxe7+ Kf8 21. Nd5 cxb4 22. Qh6+ Kg8 23. Nf6+ Kh8 24. Qxh7# 1-0


[Site "https://www.chess.com"]

[Event "Titled Tuesday Blitz January 10 Late 2023"]
[White "Perske, Thore"]
[Black "Mortazavi, Ali"]
[WhiteFideId "12902195"]
[BlackFideId "401323"]
[WhiteElo "2448"]
[BlackElo "2333"]
[Result "0-1"]
[Round "04"]
[TimeControl "180+2"]
[Date "2023.01.10"]
[WhiteClock "0:00:09"]
[BlackClock "0:00:08"]

1. e4 c6 2. d4 d5 3. e5 Bf5 4. Nf3 e6 5. Be2 Ne7 6. O-O Ng6 7. c3 Nd7 8. a4 f6 9. exf6 Qxf6 10. a5 a6 11. Qb3 Rb8 12. Bg5 Qf7 13. Nh4 Bd6 14. Nd2 O-O 15. f4 h6 16. Nxg6 Bxg6 17. Bh4 Bxf4 18. Bg3 Be3+ 19. Kh1 Qe7 20. Bxb8 Bxd2 21. Rxf8+ Qxf8 22. Bg3 Nf6 23. Qxb7 Ne4 24. Rf1 Qe8 25. Bxa6 Nxg3+ 26. hxg3 Kh7 27. Be2 e5 28. Bg4 exd4 29. a6 Qe4 30. Qd7 Qd3 31. Rf3 Qb1+ 32. Kh2 Be3 33. Bf5 Qg1+ 34. Kh3 Qh1+ 35. Kg4 Qh5# 0-1


[Site "https://www.chess.com"]

[Event "Titled Tuesday Blitz January 10 Late 2023"]
[White "Adury, Anant"]
[Black "Averjanov, Alexey"]
[WhiteFideId "30964687"]
[BlackFideId "14109867"]
[WhiteElo "2123"]
[BlackElo "2399"]
[Result "0-1"]
[Round "04"]
[TimeControl "180+2"]
[Date "2023.01.10"]
[WhiteClock "0:01:05"]
[BlackClock "0:01:39"]

1. Nf3 d5 2. c4 e6 3. e3 Nf6 4. Nc3 dxc4 5. Bxc4 a6 6. O-O b5 7. Bb3 Bb7 8. d4 c5 9. dxc5 Bxc5 10. Qxd8+ Kxd8 11. Ne5 Ke7 12. a4 b4 13. Nb1 Nc6 14. Nxc6+ Bxc6 15. Nd2 a5 16. Nc4 Rhd8 17. Bd2 Ne4 18. Rfd1 Nxd2 19. Nxd2 Bd6 20. Bc4 Be5 21. Ra2 Ra7 22. Bb5 Bxb5 23. axb5 Rad7 24. b3 a4 0-1


[Site "https://www.chess.com"]

[Event "Titled Tuesday Blitz January 10 Late 2023"]
[White "Torres Dominguez, David"]
[Black "Chor, Kevin"]
[WhiteFideId "2220857"]
[BlackFideId "2090740"]
[WhiteElo "1994"]
[BlackElo "1944"]
[Result "0-1"]
[Round "04"]
[TimeControl "180+2"]
[Date "2023.01.10"]
[WhiteClock "0:00:01"]
[BlackClock "0:00:10"]

1. e4 c5 2. Nc3 g6 3. f4 Bg7 4. Nf3 Nc6 5. a4 d6 6. Bb5 Bd7 7. O-O a6 8. Bc4 Nd4 9. Nxd4 cxd4 10. Ne2 e6 11. d3 Ne7 12. Bb3 O-O 13. Qe1 Nc6 14. Bd2 b5 15. axb5 axb5 16. Rxa8 Qxa8 17. Qh4 Na5 18. Ra1 b4 19. Bxb4 Qb7 20. Bxa5 Ra8 21. Qe1 d5 22. e5 Bb5 23. Ra2 Bxd3 24. Nxd4 Be4 25. Bc3 Rc8 26. Qa1 Qe7 27. Ra8 Rf8 28. Rxf8+ Bxf8 29. Qe1 Qa7 30. h3 Bc5 31. Qd2 h5 32. Kh2 Kh7 33. h4 Qe7 34. Qf2 f6 35. exf6 Qxf6 36. g3 e5 37. Qd2 exd4 38. Bb4 Bb6 39. Ba5 Ba7 40. Qb4 Qf7 0-1


[Site "https://www.chess.com"]

[Event "Titled Tuesday Blitz January 10 Late 2023"]
[White "Antonio, Jorge Carlos"]
[Black "Kourkoulos-Arditis, Stamatis"]
[WhiteFideId "113190"]
[BlackFideId "4221990"]
[WhiteElo "2277"]
[BlackElo "2539"]
[Result "0-1"]
[Round "04"]
[TimeControl "180+2"]
[Date "2023.01.10"]
[WhiteClock "0:01:38"]
[BlackClock "0:01:47"]

1. d4 Nf6 2. Nf3 c5 3. c3 b6 4. Bf4 Bb7 5. e3 g6 6. Be2 Bg7 7. Nbd2 O-O 8. O-O d6 9. h3 Nbd7 10. Bg3 a6 11. Bh2 b5 12. Rc1 Rb8 13. Qc2 Bc6 14. Rfe1 Qb6 15. Rcd1 Qb7 16. Qb1 Ne4 17. Nxe4 Bxe4 18. Qc1 Rfc8 19. Qd2 a5 20. d5 Nf6 21. Ng5 Bxd5 22. Bf3 Bxf3 23. Nxf3 b4 24. c4 Ne4 25. Qd3 Bxb2 26. Nd2 Nxd2 27. Rxd2 Bc3 28. Rde2 Bxe1 29. Rxe1 a4 30. Bf4 b3 31. Bh6 bxa2 32. Qc3 Qb2 0-1


[Site "https://www.chess.com"]

[Event "Titled Tuesday Blitz January 10 Late 2023"]
[White "Duda, Jan-Krzysztof"]
[Black "rikchessmx"]
[WhiteFideId "1170546"]
[WhiteElo "2724"]
[BlackElo "2330"]
[Result "1-0"]
[Round "04"]
[TimeControl "180+2"]
[Date "2023.01.10"]
[WhiteClock "0:02:04"]
[BlackClock "0:00:14"]

1. Nf3 Nf6 2. g3 e6 3. Bg2 d5 4. O-O c6 5. b3 Be7 6. Bb2 O-O 7. c4 Nbd7 8. d3 b6 9. Qc2 Bb7 10. e4 dxc4 11. bxc4 Nc5 12. e5 Nfd7 13. d4 Na6 14. Nc3 Nb4 15. Qd1 Qc7 16. a3 Na6 17. Rc1 Rfd8 18. Qe2 Nf8 19. Rfd1 Rd7 20. h4 Rad8 21. Rc2 Nb8 22. d5 exd5 23. cxd5 cxd5 24. Nb5 Qxc2 25. Qxc2 a6 26. Nbd4 Ne6 27. Nxe6 fxe6 28. Bh3 Kf7 29. Bxe6+ Kxe6 30. Nd4+ Kf7 31. e6+ Kf8 32. Qxh7 1-0


[Site "https://www.chess.com"]

[Event "Titled Tuesday Blitz January 10 Late 2023"]
[White "Oparin, Grigoriy"]
[Black "Gavilan Diaz, Mario"]
[WhiteFideId "24125890"]
[BlackFideId "2260905"]
[WhiteElo "2667"]
[BlackElo "2271"]
[Result "1-0"]
[Round "04"]
[TimeControl "180+2"]
[Date "2023.01.10"]
[WhiteClock "0:00:08"]
[BlackClock "0:00:01"]

1. b3 e5 2. Bb2 Nc6 3. c4 Nf6 4. e3 a6 5. Nc3 d5 6. cxd5 Nxd5 7. Nf3 Nxc3 8. Bxc3 Bd6 9. Qc2 O-O 10. Bd3 f5 11. h4 e4 12. Bc4+ Kh8 13. Ng5 Ne5 14. Bxe5 Bxe5 15. Rd1 Qf6 16. g3 Bd7 17. Kf1 Bb5 18. Kg2 Bxc4 19. Qxc4 Rad8 20. d4 exd3 21. Rxd3 Rxd3 22. Qxd3 Qc6+ 23. Kh2 h6 24. Nh3 Qf3 25. Rd1 Rf6 26. Qd5 Qe4 27. Qxe4 fxe4 28. Rd5 Bd6 29. Kg2 Kh7 30. h5 Kg8 31. Rd4 Re6 32. Nf4 Bxf4 33. gxf4 Kf7 34. Kg3 Kf6 35. Kg4 Re7 36. Rd5 Kf7 37. Kf5 c6 38. Rd4 Rc7 39. Rxe4 c5 40. Rc4 Rc6 41. e4 b5 42. Rc3 c4 43. bxc4 bxc4 44. e5 Rc5 45. Ke4 Rb5 46. Rxc4 Rb2 47. Rc7+ Kf8 48. f3 Re2+ 49. Kf5 Rxa2 50. Ke6 Kg8 51. f5 Rf2 52. Rc3 Re2 53. f6 gxf6 54. Kxf6 1-0


[Site "https://www.chess.com"]

[Event "Titled Tuesday Blitz January 10 Late 2023"]
[White "Defend, Balint"]
[Black "Movahed, Sina"]
[WhiteFideId "17004853"]
[BlackFideId "42520835"]
[WhiteElo "1673"]
[BlackElo "2340"]
[Result "0-1"]
[Round "04"]
[TimeControl "180+2"]
[Date "2023.01.10"]
[WhiteClock "0:00:07"]
[BlackClock "0:00:16"]

1. e4 c5 2. Nf3 d6 3. c3 Nf6 4. h3 g6 5. Bd3 Bg7 6. Bc2 O-O 7. d4 cxd4 8. cxd4 Nc6 9. O-O e5 10. d5 Nd4 11. Nxd4 exd4 12. Qxd4 Re8 13. Qc4 Bd7 14. Nc3 b5 15. Qb4 Qb6 16. Be3 a5 17. Qb3 Qb8 18. f3 b4 19. Na4 Bxa4 20. Qxa4 Nxd5 21. Bf2 Nf4 22. Rab1 d5 23. exd5 Re2 24. Rbd1 Qc8 25. Be4 Nxh3+ 26. gxh3 Qxh3 27. Rfe1 Rxf2 28. Kxf2 Qh2+ 29. Kf1 Qh1+ 30. Ke2 Qg2+ 31. Kd3 Qxb2 32. Qb3 Qe5 33. Bxg6 Qd4+ 34. Ke2 Re8+ 35. Kf1 Rxe1+ 36. Kxe1 Qg1+ 37. Ke2 Qg2+ 38. Ke1 hxg6 39. d6 Bf6 40. d7 Bd8 41. Rd2 Qg1+ 42. Ke2 Qg5 43. Qe3 Qb5+ 44. Qd3 Qg5 45. Qe4 Kg7 46. Rd5 Qg2+ 47. Kd3 Qxa2 48. Qd4+ Bf6 49. d8=Q Bxd4 50. Rxd4 Qb3+ 51. Ke4 Qe6+ 52. Kd3 Qb3+ 53. Ke2 Qc2+ 54. Ke3 Qc3+ 55. Rd3 Qe1+ 56. Kd4 Qa1+ 57. Kc5 Qe5+ 58. Kc4 Qe6+ 59. Kb5 b3 60. Qd4+ Kg8 61. Kxa5 Qf5+ 62. Kb4 b2 63. Rb3 b1=Q 64. Qd8+ Kg7 65. Qd4+ Kh7 66. Qh4+ Kg7 67. Qd4+ f6 68. Qa7+ Kh6 69. Qe3+ Kh5 70. Rxb1 Qxb1+ 71. Kc4 Qf5 72. Kd4 g5 73. Qg1 Qf4+ 74. Kc5 Qxf3 75. Qh2+ Kg6 76. Qb8 Qf5+ 77. Kc4 Qe5 78. Kd3 Kf5 79. Qc8+ Kf4 80. Qf8 g4 81. Kd2 Kg3 82. Qh6 Qg5+ 83. Qxg5 fxg5 84. Ke1 Kh2 85. Ke2 g3 86. Kf3 g2 87. Kg4 g1=Q+ 88. Kf5 g4 89. Kg6 g3 0-1


[Site "https://www.chess.com"]

[Event "Titled Tuesday Blitz January 10 Late 2023"]
[White "Holt, Conrad"]
[Black "Winterberg, Lukas"]
[WhiteFideId "2034387"]
[BlackFideId "24622702"]
[WhiteElo "2540"]
[BlackElo "2402"]
[Result "1-0"]
[Round "04"]
[TimeControl "180+2"]
[Date "2023.01.10"]
[WhiteClock "0:00:07"]
[BlackClock "0:00:03"]

1. d4 Nf6 2. c4 g6 3. Nc3 Bg7 4. e4 d6 5. Nf3 O-O 6. h3 c5 7. d5 e6 8. Bd3 exd5 9. cxd5 b6 10. O-O Ba6 11. Re1 Re8 12. Bf4 Bxd3 13. Qxd3 Nh5 14. Bh2 a6 15. e5 dxe5 16. Nxe5 Qg5 17. Nxg6 Rxe1+ 18. Rxe1 hxg6 19. Re8+ Kh7 20. d6 Bd4 21. d7 Nxd7 22. Rxa8 Ne5 23. Qd1 Qf5 24. Qe2 Bxc3 25. bxc3 Qb1+ 26. Qf1 Qe4 27. Rxa6 Nc4 28. Ra7 Kg7 29. Rd7 b5 30. Qd1 Nf6 31. Rc7 Nd5 32. Rxc5 Nxc3 33. Qa1 Kh7 34. Bg3 Qd4 35. Kh2 Qxc5 36. Qxc3 b4 37. Qf6 Qd5 38. Bf4 Kg8 39. Qe7 Qd4 40. Bg3 Qb6 41. Qe8+ Kg7 42. Qe4 Qc5 43. h4 Kg8 44. Qe8+ Kg7 45. Qe4 Kg8 46. Qc2 Qd5 47. Qe2 Kg7 48. Bf4 Qd4 49. g3 Qd5 50. Qc2 Kg8 51. Kg1 Kg7 52. Bg5 Kg8 53. Be7 Qb5 54. Qd3 Kg7 55. Qd4+ Kg8 56. Qd8+ Kh7 57. Bf6 g5 58. h5 Kh6 59. Qh8# 1-0


[Site "https://www.chess.com"]

[Event "Titled Tuesday Blitz January 10 Late 2023"]
[White "Ladan, Nicholas"]
[Black "Kozak, Adam"]
[WhiteFideId "30918855"]
[BlackFideId "753246"]
[WhiteElo "2228"]
[BlackElo "2572"]
[Result "0-1"]
[Round "04"]
[TimeControl "180+2"]
[Date "2023.01.10"]
[WhiteClock "0:00:14"]
[BlackClock "0:00:15"]

1. b4 a6 2. Bb2 Nc6 3. a3 Na7 4. e4 Nc6 5. Nf3 Nb8 6. Bc4 Nh6 7. d4 e6 8. O-O b5 9. Bb3 Bb7 10. d5 a5 11. c4 bxc4 12. Bxc4 axb4 13. axb4 Rxa1 14. Bxa1 Ng4 15. Qa4 c6 16. b5 cxd5 17. exd5 Bd6 18. Qa7 Qc7 19. Nbd2 O-O 20. b6 Qc8 21. h3 exd5 22. Bd3 Nc6 23. Qa4 Nge5 24. Nxe5 Nxe5 25. Bb1 Ng6 26. Nb3 Bc6 27. Qg4 Qa6 28. Nd4 Bh2+ 29. Kxh2 Qxf1 30. Nf5 Qxb1 31. Bxg7 f6 32. Bxf8 Kxf8 33. Qd4 Qxf5 34. b7 Bxb7 35. Qb4+ Kf7 36. Qxb7 Qe6 37. g3 Ne7 38. Kg2 Qe4+ 39. Kg1 Qf5 40. Qb8 Qxh3 41. Qh8 Qf5 42. Kg2 d4 43. Qa8 Qd5+ 44. Qxd5+ Nxd5 45. Kf3 f5 46. g4 fxg4+ 47. Ke4 Nf6+ 48. Ke5 h5 49. f4 gxf3 50. Kf5 f2 51. Kf4 f1=Q+ 0-1


[Site "https://www.chess.com"]

[Event "Titled Tuesday Blitz January 10 Late 2023"]
[White "Ozates, Tuna"]
[Black "Vasquez Schroeder, Rodrigo"]
[WhiteFideId "6354521"]
[BlackFideId "3400042"]
[WhiteElo "2251"]
[BlackElo "2524"]
[Result "0-1"]
[Round "04"]
[TimeControl "180+2"]
[Date "2023.01.10"]
[WhiteClock "0:00:37"]
[BlackClock "0:01:03"]

1. e4 c5 2. Nf3 d6 3. Bb5+ Nc6 4. Bxc6+ bxc6 5. O-O e5 6. c3 Nf6 7. Re1 Bg4 8. d3 Nd7 9. Nbd2 Be7 10. h3 Bh5 11. Nf1 O-O 12. Ng3 Bg6 13. a3 a5 14. a4 Re8 15. Nh2 Bg5 16. Be3 Nf8 17. Qf3 Rb8 18. Rab1 Ne6 19. Nf5 f6 20. h4 Bxe3 21. fxe3 Rb7 22. h5 Bxf5 23. exf5 Ng5 24. Qxc6 Qb8 25. Re2 h6 26. Ng4 Kh7 27. e4 Rb6 28. Qd5 Qc7 29. Ne3 Reb8 30. Qc4 Qc6 31. Nd5 R6b7 32. b4 axb4 33. cxb4 Qxa4 34. Reb2 Qe8 35. b5 Qxh5 36. b6 Qg4 37. Ra2 Nf3+ 38. Kf2 Nd4 39. Ra7 Qh4+ 40. Ke3 Qg3+ 41. Kd2 Rxa7 42. bxa7 Qf2+ 0-1


[Site "https://www.chess.com"]

[Event "Titled Tuesday Blitz January 10 Late 2023"]
[White "Mikaelyan, Arman"]
[Black "gshwbedhkhd"]
[WhiteFideId "13304852"]
[WhiteElo "2523"]
[BlackElo "2527"]
[Result "0-1"]
[Round "04"]
[TimeControl "180+2"]
[Date "2023.01.10"]
[WhiteClock "0:00:03"]
[BlackClock "0:00:05"]

1. e4 c5 2. Nf3 e6 3. g3 Nc6 4. Bg2 Nf6 5. Qe2 e5 6. O-O Be7 7. c3 O-O 8. d3 Re8 9. a3 d5 10. Nbd2 b6 11. Nh4 Be6 12. Ndf3 h6 13. b4 a6 14. Bb2 Qd7 15. exd5 Nxd5 16. c4 Nc7 17. Nxe5 Nxe5 18. Bxe5 Rad8 19. Qe4 cxb4 20. Qc6 Rc8 21. Qxb6 Na8 22. Qxa6 bxa3 23. Rfd1 Bxh4 24. gxh4 Bh3 25. Bg3 Bxg2 26. Kxg2 Rc6 27. Qxa3 Nb6 28. Re1 Rd8 29. Rad1 Qg4 30. Qe7 Rd7 31. Qe8+ Kh7 32. h3 Qg6 33. Qe3 Re6 34. Qd2 Rxe1 35. Qxe1 Rxd3 36. Rc1 Qc6+ 37. Kh2 Nxc4 38. Qe2 Rd4 39. Be5 Re4 40. Qc2 Nxe5 41. Qxc6 Nxc6 42. Rxc6 Rxh4 43. Kg3 Re4 44. f3 Re6 45. Rc7 Kg6 46. Rc4 Rd6 47. Rg4+ Kf6 48. Rb4 g5 49. h4 Kg6 50. hxg5 hxg5 51. Rb5 f5 52. Rb8 Rd3 53. Rb6+ Kh5 54. Kg2 g4 55. fxg4+ Kxg4 56. Rg6+ Kf4 57. Rf6 Rd2+ 58. Kf1 Kg4 59. Ra6 Rd3 60. Kf2 Rb3 61. Ra4+ f4 62. Ra2 Rh3 63. Kg1 Kg3 64. Rg2+ Kf3 65. Ra2 Rg3+ 66. Kf1 Rg5 67. Ra3+ Kg4 68. Kf2 Rb5 69. Ra2 Rb3 70. Kg2 Rg3+ 71. Kf2 Rf3+ 72. Kg2 Rh3 73. Rb2 Rc3 74. Ra2 Kf5 75. Kf2 Ke4 76. Ra4+ Kf5 77. Ra5+ Kg4 78. Ra2 Rh3 79. Kg1 f3 80. Rc2 Rh8 81. Kf2 Rh2+ 0-1


[Site "https://www.chess.com"]

[Event "Titled Tuesday Blitz January 10 Late 2023"]
[White "Kobalia, Mikhail"]
[Black "Jimenez Almeida, Luis David"]
[WhiteFideId "4119150"]
[BlackFideId "22242244"]
[WhiteElo "2578"]
[BlackElo "2242"]
[Result "0-1"]
[Round "04"]
[TimeControl "180+2"]
[Date "2023.01.10"]
[WhiteClock "0:00:01"]
[BlackClock "0:00:05"]

1. e4 c6 2. d4 Na6 3. c3 Nc7 4. Nf3 g6 5. Bd3 Bg7 6. h4 h5 7. Bg5 d6 8. Nbd2 Nf6 9. Qc2 O-O 10. O-O-O a5 11. Rde1 b5 12. e5 dxe5 13. Nxe5 Qd5 14. c4 bxc4 15. Bxc4 Qxd4 16. Ndf3 Qb6 17. Nxg6 Re8 18. Nxe7+ Kf8 19. Nxc8 Raxc8 20. Ne5 Ncd5 21. Bxf6 Nxf6 22. Nxf7 Qd4 23. Rd1 Qf4+ 24. Kb1 Rb8 25. Bb3 a4 26. Qc5+ Re7 27. Nd8 Qe4+ 28. Bc2 Rxb2+ 29. Kxb2 Nd5+ 30. Kb1 Qe5 31. Qd4 Nc3+ 32. Ka1 Nxd1 33. Qxe5 Bxe5+ 34. Kb1 Nc3+ 35. Kc1 Nxa2+ 36. Kb1 Nc3+ 37. Kc1 a3 38. Nxc6 a2 39. Kd2 Nb1+ 40. Rxb1 axb1=Q 41. Bxb1 Bf4+ 42. Kd3 Re1 43. Ba2 Rf1 0-1


[Site "https://www.chess.com"]

[Event "Titled Tuesday Blitz January 10 Late 2023"]
[White "Goryachkina, Aleksandra"]
[Black "Pasti, Aron"]
[WhiteFideId "4147103"]
[BlackFideId "785857"]
[WhiteElo "2571"]
[BlackElo "2361"]
[Result "1-0"]
[Round "04"]
[TimeControl "180+2"]
[Date "2023.01.10"]
[WhiteClock "0:00:20"]
[BlackClock "0:00:02"]

1. e4 c5 2. Nf3 e6 3. g3 Nc6 4. Bg2 d6 5. O-O Nf6 6. Re1 Be7 7. c3 O-O 8. d4 e5 9. d5 Nb8 10. Nbd2 Nbd7 11. a4 Rb8 12. b4 b6 13. Nc4 Re8 14. Bd2 Nf8 15. b5 g6 16. Qc2 Nh5 17. a5 f5 18. axb6 axb6 19. Bh6 fxe4 20. Nfd2 Bd7 21. Qb3 Nf6 22. Nxe4 Nxe4 23. Bxe4 g5 24. Bxf8 Rxf8 25. Nxe5 dxe5 26. d6+ Kh8 27. dxe7 Qxe7 28. Ra7 Qf6 29. Qc2 Bf5 30. Bxf5 Qxf5 31. Qxf5 Rxf5 32. Rd1 e4 33. Rdd7 c4 34. Rxh7+ Kg8 35. Rag7+ Kf8 36. Rc7 Kg8 37. Rhe7 Rxb5 38. Rxe4 Rf8 39. Ree7 Rd8 40. Rxc4 Rb2 41. h4 1-0


[Site "https://www.chess.com"]

[Event "Titled Tuesday Blitz January 10 Late 2023"]
[White "Domingo Nunez, Ruben"]
[Black "Urbina Perez, Juan Antonio"]
[WhiteFideId "22245570"]
[BlackFideId "2217368"]
[WhiteElo "2416"]
[BlackElo "2266"]
[Result "1-0"]
[Round "04"]
[TimeControl "180+2"]
[Date "2023.01.10"]
[WhiteClock "0:02:22"]
[BlackClock "0:01:24"]

1. c4 Nf6 2. b3 g6 3. Bb2 Bg7 4. Nf3 c5 5. g3 Nc6 6. Bg2 O-O 7. O-O d5 8. cxd5 Nxd5 9. Bxg7 Kxg7 10. d4 cxd4 11. Nxd4 Nxd4 12. Qxd4+ Nf6 13. Qe5 Qb6 14. Nc3 Rd8 15. Qxe7 Re8 16. Qa3 Bg4 17. e3 Rac8 18. Rac1 Qe6 19. Qxa7 Re7 20. Qd4 Bh3 21. Bxh3 Qxh3 22. Nd5 1-0


[Site "https://www.chess.com"]

[Event "Titled Tuesday Blitz January 10 Late 2023"]
[White "Andrews, Todd"]
[Black "Baskin, Robert"]
[WhiteFideId "2012456"]
[BlackFideId "24662402"]
[WhiteElo "2220"]
[BlackElo "2442"]
[Result "0-1"]
[Round "04"]
[TimeControl "180+2"]
[Date "2023.01.10"]
[WhiteClock "0:00:06"]
[BlackClock "0:00:27"]

1. e4 Nc6 2. Nf3 d6 3. c4 Nf6 4. Nc3 g6 5. d4 Bg7 6. Be2 O-O 7. O-O e5 8. d5 Ne7 9. b4 Nh5 10. Re1 f5 11. Ng5 Nf6 12. Bf3 c6 13. Be3 f4 14. Bc1 cxd5 15. cxd5 h6 16. Ne6 Qe8 17. Nc7 Qd8 18. Nxa8 g5 19. h3 Bd7 20. b5 Qxa8 21. Ba3 Qb8 22. Rc1 Ng6 23. Bg4 Nxg4 24. hxg4 Nh4 25. f3 a6 26. b6 Qd8 27. Qb3 Rf6 28. Nd1 h5 29. Nf2 hxg4 30. fxg4 Rh6 31. Rc3 f3 32. Rxf3 Nxf3+ 33. gxf3 Qf6 34. Qe3 Bf8 35. Rc1 Be7 36. Rc7 Bb5 37. Rc8+ Kf7 38. Rb8 Rh7 39. Rxb7 Qh6 40. Rxe7+ Kxe7 41. Bxd6+ Kxd6 42. Qa3+ Kd7 0-1


[Site "https://www.chess.com"]

[Event "Titled Tuesday Blitz January 10 Late 2023"]
[White "Seletsky, Grigory"]
[Black "Vlassov, Nikolai"]
[WhiteFideId "14112191"]
[BlackFideId "4103360"]
[WhiteElo "2259"]
[BlackElo "2283"]
[Result "0-1"]
[Round "04"]
[TimeControl "180+2"]
[Date "2023.01.10"]
[WhiteClock "0:00:01"]
[BlackClock "0:00:14"]

1. d4 Nf6 2. c4 Nc6 3. Nc3 e5 4. d5 Ne7 5. e4 Ng6 6. Be3 Bb4 7. Rc1 Nxe4 8. h4 Ne7 9. Qg4 Nxc3 10. bxc3 Ba3 11. Qxg7 Rg8 12. Qxh7 Bxc1 13. Bxc1 d6 14. Bg5 Bf5 15. Qh5 Bg6 16. Qd1 c6 17. h5 Bh7 18. dxc6 bxc6 19. Nf3 e4 20. Bxe7 Qxe7 21. Nd4 Rc8 22. Rh3 Qb7 23. Qc1 Rb8 24. Nb3 a5 25. Qh6 Bf5 26. Rg3 Rxg3 27. fxg3 a4 28. Nd4 Bd7 29. Be2 Qb2 30. Qe3 Qxa2 31. h6 Qa1+ 32. Kf2 Qh1 0-1


[Site "https://www.chess.com"]

[Event "Titled Tuesday Blitz January 10 Late 2023"]
[White "Barria Zuniga, Daniel"]
[Black "Carbone, Diego"]
[WhiteFideId "3400816"]
[BlackFideId "3002179"]
[WhiteElo "2341"]
[BlackElo "2336"]
[Result "0-1"]
[Round "04"]
[TimeControl "180+2"]
[Date "2023.01.10"]
[WhiteClock "0:00:55"]
[BlackClock "0:00:29"]

1. d4 Nf6 2. c4 g6 3. Nc3 d5 4. Qa4+ Nc6 5. Bg5 a6 6. Bxf6 exf6 7. cxd5 b5 8. Nxb5 axb5 9. Qxa8 Bb4+ 10. Kd1 Nxd4 11. Nf3 Nxf3 12. gxf3 O-O 13. e4 f5 14. Qc6 Bd7 15. Qc2 fxe4 16. fxe4 Qf6 17. Qb3 Qxf2 18. Be2 c5 19. Rf1 Qd4+ 20. Qd3 Qxb2 21. Rb1 Qxa2 22. Qc2 Qa3 23. Qb3 Qa5 24. e5 Qc7 25. e6 fxe6 26. dxe6 Qd6+ 27. Kc2 Qd2# 0-1


[Site "https://www.chess.com"]

[Event "Titled Tuesday Blitz January 10 Late 2023"]
[White "Jaferian, Koosha"]
[Black "Yashmetov, Mikhail"]
[WhiteFideId "12507440"]
[BlackFideId "24198900"]
[WhiteElo "2233"]
[BlackElo "2323"]
[Result "1-0"]
[Round "04"]
[TimeControl "180+2"]
[Date "2023.01.10"]
[WhiteClock "0:00:19"]
[BlackClock "0:00:03"]

1. Nf3 Nf6 2. b3 g6 3. Bb2 Bg7 4. g3 O-O 5. Bg2 d5 6. c4 c5 7. cxd5 Nxd5 8. Bxg7 Kxg7 9. Qc1 Qd6 10. Nc3 Nf6 11. O-O Bd7 12. Rd1 e5 13. d3 Nc6 14. Ng5 b6 15. Nge4 Nxe4 16. Nxe4 Qe7 17. a3 Nd4 18. Qb2 Rac8 19. b4 c4 20. dxc4 Rxc4 21. e3 Rc2 22. Qb1 Ne2+ 23. Kh1 Rfc8 24. Qb3 Be6 25. Qd3 Rb2 26. Rd2 Nc1 27. Qa6 Rcc2 28. Rxc2 Rxc2 29. Qf1 Bc4 30. Qd1 Nb3 31. Qxc2 Nxa1 32. Qxc4 Qd8 33. Nc3 Qd2 34. Kg1 Qe1+ 35. Bf1 Nc2 36. Qd3 Nxa3 37. Nd5 Nb1 38. Kg2 Nd2 39. Be2 e4 40. Qd4+ f6 41. Qxf6+ Kh6 42. Qf8+ Kg5 43. h4# 1-0


[Site "https://www.chess.com"]

[Event "Titled Tuesday Blitz January 10 Late 2023"]
[White "Boder, Jan"]
[Black "Abrahamyan, Tatev"]
[WhiteFideId "16243226"]
[BlackFideId "13301918"]
[WhiteElo "2294"]
[BlackElo "2294"]
[Result "1-0"]
[Round "04"]
[TimeControl "180+2"]
[Date "2023.01.10"]
[WhiteClock "0:02:35"]
[BlackClock "0:01:46"]

1. b3 e5 2. Bb2 Nc6 3. e3 d5 4. Bb5 Bd6 5. f4 Qe7 6. Nf3 f6 7. Nc3 Be6 8. e4 d4 9. Nd5 Qf7 10. fxe5 Bxe5 11. O-O Qd7 12. Nxe5 fxe5 13. Bxc6 bxc6 14. Qh5+ Kd8 15. Rf8+ 1-0


[Site "https://www.chess.com"]

[Event "Titled Tuesday Blitz January 10 Late 2023"]
[White "Melikhov, Evgeny V."]
[Black "Bjelobrk, Igor"]
[WhiteFideId "4122046"]
[BlackFideId "4300726"]
[WhiteElo "2269"]
[BlackElo "2403"]
[Result "0-1"]
[Round "04"]
[TimeControl "180+2"]
[Date "2023.01.10"]
[WhiteClock "0:00:28"]
[BlackClock "0:00:58"]

1. d4 d5 2. c4 c6 3. Nc3 Nf6 4. e3 Bf5 5. Nf3 e6 6. Nh4 Be4 7. f3 Bg6 8. Nxg6 hxg6 9. Bd2 Be7 10. Qb3 Qc7 11. g3 dxc4 12. Bxc4 b5 13. Bd3 a6 14. O-O-O c5 15. dxc5 Nbd7 16. Kb1 Nxc5 17. Qc2 Rc8 18. Ne4 Nfxe4 19. Bxe4 O-O 20. Rc1 Qb8 21. Ba5 Bf6 22. Rhd1 Na4 23. Bc7 Qa7 24. Qc6 Nxb2 25. Rd7 Nc4 26. Bxg6 Na3# 0-1


[Site "https://www.chess.com"]

[Event "Titled Tuesday Blitz January 10 Late 2023"]
[White "Gatterer, Florian"]
[Black "Korchmar, Vasiliy"]
[WhiteFideId "811688"]
[BlackFideId "24131750"]
[WhiteElo "2170"]
[BlackElo "2438"]
[Result "0-1"]
[Round "04"]
[TimeControl "180+2"]
[Date "2023.01.10"]
[WhiteClock "0:00:14"]
[BlackClock "0:00:28"]

1. Nf3 d5 2. e3 Nf6 3. c4 c6 4. Nc3 e6 5. b3 Bd6 6. Bb2 O-O 7. Qc2 e5 8. cxd5 cxd5 9. Nb5 Nc6 10. Nxd6 Qxd6 11. d4 Ne4 12. dxe5 Qb4+ 13. Nd2 Bf5 14. a3 Qxd2+ 15. Qxd2 Nxd2 16. Kxd2 Na5 17. Rd1 Rac8 18. Bd3 Nxb3+ 19. Ke2 Bxd3+ 20. Kxd3 h6 21. h4 Rc4 22. Bd4 a5 23. Rb1 a4 24. Rb2 Rfc8 25. Rd1 b5 26. g3 h5 27. Ke2 Kf8 28. f4 g6 29. Kf3 Ke7 30. f5 gxf5 31. Kf4 Ke6 32. Kg5 Rg8+ 33. Kf4 Rg4+ 34. Kf3 Nxd4+ 35. exd4 Rgxd4 36. Rxd4 Rxd4 37. Rxb5 Kxe5 38. Ke3 Rg4 39. Kf3 Rc4 40. Rb7 Rc3+ 41. Kg2 Kf6 42. Rb6+ Kg7 43. Rb5 Rxa3 44. Rxd5 Kg6 45. Rd6+ f6 46. Rd4 Ra2+ 47. Kh3 a3 48. Ra4 Ra1 49. Rb4 a2 50. Ra4 Rh1+ 51. Kg2 a1=Q 52. Rxa1 Rxa1 53. Kh3 f4 54. Kg2 fxg3 55. Kh3 Kf5 56. Kg2 Kf4 57. Kh3 Rh1+ 58. Kg2 Rh2+ 59. Kg1 Kf3 0-1


[Site "https://www.chess.com"]

[Event "Titled Tuesday Blitz January 10 Late 2023"]
[White "Muhammad, Shahzeb"]
[Black "Saveliev, Alexei"]
[WhiteFideId "7804806"]
[BlackFideId "24128546"]
[WhiteElo "1853"]
[BlackElo "2385"]
[Result "0-1"]
[Round "04"]
[TimeControl "180+2"]
[Date "2023.01.10"]
[WhiteClock "0:00:05"]
[BlackClock "0:01:50"]

1. e4 g6 2. d4 Bg7 3. Nc3 d6 4. Bg5 Nc6 5. Nge2 h6 6. Be3 e5 7. f3 f5 8. d5 Nce7 9. Qd2 Nf6 10. O-O-O b5 11. exf5 Nxf5 12. Nxb5 O-O 13. Ng3 Nxe3 14. Qxe3 a6 15. Nc3 Rb8 16. Nge4 a5 17. h4 Bf5 18. Rg1 Nxe4 19. fxe4 Bg4 20. Be2 Bxe2 21. Nxe2 Qxh4 22. Kb1 Rb4 23. Nc3 h5 24. Qa7 Rfb8 25. b3 a4 26. Qxc7 axb3 27. axb3 Qf2 28. Kc1 Rxb3 29. cxb3 Bh6+ 0-1


[Site "https://www.chess.com"]